Match 38759017
Unlisted

Match 38759017
End
Construct Section Command Post
Selects Heavy Armor Battlegroup
Infantry Section
Dingo Light Scout Car
Infantry Section
Construct Platoon Command Post
Selects Light Vehicle Withdraw and Refit
Light Vehicle Withdraw and Refit
CMP 15cwt Truck
Infantry Section
Unlock Bishop Self-propelled Artillery
Bishop Self-propelled Artillery
Bishop Self-propelled Artillery
Selects Forward Repair Assembly
Selects Rigorous Vehicle Training
6-pounder Anti-tank Gun Team
Construct Company Command Post
dog4207
Skilledmad1
ambiorix
Matthirace
BringDaRakuS
Zizo33
MRSW4GGER4
Mael Radec
0
0

Comments sign in to comment!

No comments posted yet!